 Dungeon Crawl Stone Soup version 0.30-b1-5-g8e6c1be481 (webtiles) character file.

Game seed: 7017595193502760985

74 Mysteryquy the Sneak (level 4, 0/25 HPs)
             Began as a Vampire Enchanter on May 4, 2023.
             Slain by an orc wizard
             ... wielding a +0 dagger
              (3 damage)
             ... on level 3 of the Dungeon.
             The game lasted 00:03:31 (1842 turns).

Mysteryquy the Sneak (Vampire Enchanter)            Turns: 1842, Time: 00:03:31

Health: 0/25       AC:  2    Str:  7    XL:     4   Next: 10%
Magic:  7/7        EV: 12    Int: 19    God:
Gold:   111        SH:  0    Dex: 14    Spells: 6/8 levels left

rFire   . . .        a - +1 dagger
rCold   + + .        (no shield)
rNeg    + + +        b - +0 robe
rPois   ∞            (no helmet)
rElec   .            f - scarf {shadows}
rCorr   .            (no gloves)
SInv    +            (no boots)
Will    .....        (no amulet)
Stlth   +++++        (no ring)
HPRegen 0.00/turn    (no ring)
MPRegen 0.10/turn

%: no passive effects
@: bloodless, inhibited regen
A: bloodless, fangs 3, see invisible, vampiric 2
a: Bat Form, Revivify


You were on level 3 of the Dungeon.
You visited 1 branch of the dungeon, and saw 3 of its levels.

You collected 111 gold pieces.

Inventory:

Hand Weapons
 a - a +1 dagger (weapon)
Missiles
 r - a throwing net (quivered)
 t - 3 poisoned darts
Armour
 b - a +0 robe (worn)
 f - a scarf of shadows (worn)
Jewellery
 m - a ring of magical power
 n - an amulet of guardian spirit
Scrolls
 d - a scroll of poison {unknown}
 e - 6 scrolls of teleportation {unknown}
 h - 3 scrolls of identify {unknown}
 j - 2 scrolls of amnesia {unknown}
 k - a scroll of enchant armour {unknown}
 l - a scroll of magic mapping {unknown}
 p - 3 scrolls of fear {unknown}
 q - 2 scrolls of enchant weapon {unknown}
 s - a scroll of torment {unknown}
Potions
 c - 6 potions of invisibility
 g - a potion of flight {unknown}
 i - a potion of haste {unknown}
 o - a potion of mutation {unknown}


   Skills:
 + Level 1.1 Fighting
 + Level 2.0 Short Blades
 + Level 2.4 Dodging
 + Level 5.5 Stealth
 + Level 2.5 Spellcasting
 + Level 4.8 Hexes
 + Level 0.1 Ice Magic


You had 6 spell levels left.
You knew the following spells:

 Your Spells              Type           Power      Damage    Failure   Level
a - Ensorcelled Hibernat  Hex/Ice        22%        N/A       9%          2

Your spell library contained the following spells:

 Spells                   Type           Power      Damage    Failure   Level
 Confusing Touch          Hex            20%        N/A       7%          3
 Tukima's Dance           Hex            20%        N/A       7%          3
 Shock                    Conj/Air       8%         1d3       16%         1
 Dazzling Flash           Conj/Hex       22%        N/A       19%         3
 Cigotuvi's Dreadful Rot  Necr/Pois/Air  4%         N/A       24%         2
 Lesser Beckoning         Tloc           4%         N/A       24%         2
 Gell's Gravitas          Tloc           2%         N/A       43%         3
 Swiftness                Air            2%         N/A       43%         3
 Teleport Other           Tloc           2%         N/A       43%         3
 Vhi's Electric Charge    Tloc/Air       4%         N/A       43%         3
 Airstrike                Air            1%         2d(1-17)  85%         4
 Dispel Undead            Necr           2%         3d7       85%         4
 Arcjolt                  Conj/Air       1%         1d11      99%         5
 Death Channel            Necr           1%         N/A       100%        6
 Maxwell's Capacitive Co  Air            1%         ∞         100%        8


Dungeon Overview and Level Annotations

Branches:
Dungeon (3/15)

Altars:


Innate Abilities, Weirdness & Mutations

You do not regenerate when monsters are visible.
You are frail without blood (-20% HP).
You can heal yourself when you bite living creatures.
You are immune to poison.
You have razor-sharp teeth.
You have supernaturally acute eyesight. (SInv)
You are afflicted with vampirism and can become a bat while bloodless.


Message History

You start resting.
HP restored.
There is a stone staircase leading down here.
You climb downwards.
There is a stone staircase leading up here.
An orc wizard comes into view. It is wielding a +0 dagger.
An orc comes into view. It is wielding a +0 hand axe.
The orc wizard shouts!
The orc shouts!
You hear a shout!
The orc wizard points at you and mumbles some strange words.
The puff of flame hits you!
The orc wizard gestures wildly while chanting.
The orc wizard flickers and vanishes for a moment.
You hit the orc but do no damage. The orc misses you.
You hit the orc.
The orc is heavily wounded.
The orc hits you with a +0 dagger.
You hit the orc but do no damage. You bite the orc.
You kill the orc!
The orc wizard hits you with a +0 dagger.
You see here a +0 dagger.
You completely miss the orc wizard. Your bite misses the orc wizard.
The orc wizard hits you with a +0 dagger.
You barely miss the orc wizard.
You bite the orc wizard, but do no damage.
You miss the orc wizard.
The orc wizard hits you with a +0 dagger.
* * * LOW HITPOINT WARNING * * *
You hit the orc wizard.
The orc wizard is lightly wounded.
The orc wizard hits you with a +0 dagger.
* * * LOW HITPOINT WARNING * * *
You miss the orc wizard.
The orc wizard is lightly wounded.
The orc wizard hits you with a +0 dagger.
* * * LOW HITPOINT WARNING * * *
You hit the orc wizard but do no damage.
You bite the orc wizard, but do no damage.
The orc wizard is lightly wounded.
The orc wizard hits you with a +0 dagger.
You die...

#. #######. #.
...####. #. .......
#.###.####.
.....####.
##########.......#.
#......o...........
##o#######.......##
#@# #.......#. #.#
#.......#. #.#
#......... #.#
#......... #.#
#......... #.#
#########.
#.########## #.
#..........# #.
##########.# ##


You could see an orc wizard (invisible).

Vanquished Creatures
  2 adders (D:2)
  A dart slug (D:2)
  2 orcs
  2 endoplasms
  5 giant cockroaches
  5 goblins
  4 hobgoblins
  8 jackals
  6 kobolds
  2 ball pythons
  5 bats
  2 frilled lizards
  6 rats
50 creatures vanquished.

Notes
Turn   | Place    | Note
-------+----------+-------------------------------------------
     0 | D:1      | Mysteryquy the Vampire Enchanter began the quest for the
                  | Orb.
     0 | D:1      | Reached XP level 1. HP: 13/13 MP: 3/3
    73 | D:1      | Reached skill level 5 in Stealth
    73 | D:1      | Reached XP level 2. HP: 11/19 MP: 5/5
   437 | D:1      | Found a faded altar of an unknown god.
   565 | D:2      | Gained mutation: You are afflicted with vampirism and can
                  | become a bat while bloodless. [Vampire growth]
   565 | D:2      | Reached XP level 3. HP: 25/25 MP: 6/6
   572 | D:2      | Learned a level 2 spell: Ensorcelled Hibernation
   763 | D:2      | HP: 1/25 [poisoned by an adder]
   843 | D:2      | Reached skill level 1 in Fighting
  1340 | D:2      | Reached XP level 4. HP: 24/32 MP: 7/7
  1842 | D:3      | Slain by an orc wizard

Illustrated notes

Levels and vault maps discovered:
D:1:      dpeg_arrival_windows_large_door, layout_rooms,
          chequers_ecumenical_altar_twisty
D:2:      layout_basic, nicolae_concentric_dashed_squares_mild
D:3:      layout_basic, jmf_multi_god_temple, minivault_25

Skill      XL: |  1  2  3 |
---------------+----------+-----
Stealth        | 5 |  5.5
Fighting       | 1 |  1.1
Short Blades   | 2 |  2.0
Dodging        | |  2.4
Spellcasting   | |  2.5
Hexes          | |  4.8
Ice Magic      | |  0.1

Action                     |  1- 3 |  4- 6 || total
---------------------------+-------+-------++-------
  Melee: Dagger            |   166 |    30 ||   196
         Bite              |     9 |     6 ||    15
         Punch             |     2 |     1 ||     3
   Cast: Ensorcelled Hiber |     6 |       ||     6
Ability: Exsanguinate      |       |     1 ||     1
   Stab: Sleeping          |     9 |     2 ||    11
 Armour: Robe              |    41 |     2 ||    43
  Dodge: Dodged            |   121 |    13 ||   134
